 Dungeon Crawl Stone Soup version 0.27.1-4-g1640c2035a (webtiles) character file.

Game seed: 12861543731368463271

33 raph the Ruffian (level 3, -5/28 HPs)
             Began as a Draconian Transmuter on Oct 31, 2021.
             Slain by Terence (10 damage)
             ... on level 2 of the Dungeon.
             The game lasted 00:02:43 (1302 turns).

raph the Ruffian (Draconian Transmuter)             Turns: 1302, Time: 00:02:44

Health: -5/28      AC:  5    Str: 12    XL:     3   Next: 12%
Magic:  6/6        EV: 12    Int: 14    God:
Gold:   45         SH:  0    Dex: 11    Spells: 0/6 levels left

rFire    . . .     SeeInvis .     - Unarmed
rCold    . . .     Faith    +   (no shield)
rNeg     . . .     Spirit   .   (armour unavailable)
rPois    .         Reflect  .   (helmet currently unavailable)
rElec    .         Harm     .   (no cloak)
rCorr    .         Rampage  .   (no gloves)
Will     .....                  (boots currently unavailable)
Stlth    +.........             c - amulet of faith
HPRegen  0.09/turn              (no ring)
MPRegen  0.10/turn              (no ring)

@: appendages (expiring)
A: horns 2, talons 2, AC +5, unfitting armour, cold-blooded
a: End Transformation


You were on level 2 of the Dungeon.
You had temporarily grown beastly horns and talons.
You visited 1 branch of the dungeon, and saw 2 of its levels.

You collected 45 gold pieces.

Inventory:

Jewellery
 c - an amulet of faith (around neck)
Scrolls
 a - a scroll of identify {unknown}
Potions
 b - a potion of brilliance {unknown}


   Skills:
 + Level 1.5 Fighting
 + Level 2.0 Dodging
 * Level 3.4 Unarmed Combat
 + Level 2.1 Spellcasting
 * Level 2.5 Transmutations


You couldn't memorise any spells.
You knew the following spells:

 Your Spells              Type           Power      Damage    Failure   Level
a - Beastly Appendage     Tmut           16%        N/A       9%          1
b - Wereblood             Tmut           8%         N/A       12%         2
c - Spider Form           Tmut/Pois      2%         N/A       38%         3

Your spell library contained the following spells:

 Spells                   Type           Power      Damage    Failure   Level
 Ice Form                 Ice/Tmut       5%         N/A       80%         4


Dungeon Overview and Level Annotations

Branches:
Dungeon (2/15)

Altars:

Annotations:
D:2 Terence


Innate Abilities, Weirdness & Mutations

You have temporarily grown beastly horns and talons.
Your plain brown scales are hard. (AC +5)
You cannot fit into any form of body armour.
You are cold-blooded and may be slowed by cold attacks.


Message History

A giant cockroach comes into view.
Terence closely misses you.
You closely miss Terence. Your headbutt misses Terence.
Terence is moderately wounded.
Terence misses you.
You hit Terence. Your headbutt misses Terence.
Terence is moderately wounded.
Your transformation is almost over.
Terence misses you.
You barely miss Terence. Your kick misses Terence.
You punch Terence, but do no damage.
Terence is moderately wounded.
Terence closely misses you.
You barely miss Terence.
Terence is moderately wounded.
Terence zaps a wand.
The puff of flame hits you.
You are too injured to fight recklessly!
You are too injured to fight recklessly!
You are too injured to fight recklessly!
You are too injured to fight recklessly!
You are too injured to fight recklessly!
You are too injured to fight recklessly!
You are too injured to fight recklessly!
You are too injured to fight recklessly!
You are too injured to fight recklessly!
You barely miss Terence. You headbutt Terence, but do no damage.
Terence is moderately wounded.
Terence hits you with a +0 flail.
* * * LOW HITPOINT WARNING * * *
You closely miss Terence. Your kick misses Terence.
Your tail-slap misses Terence.
Terence is moderately wounded.
Terence hits you with a +0 flail.
* * * LOW HITPOINT WARNING * * *
You hit Terence but do no damage. Your headbutt misses Terence.
Terence is moderately wounded.
You hit Terence. You claw Terence.
Terence is heavily wounded.
Terence hits you with a +0 flail!
You die...

..#.....# #......#
#@#.....# #.######
........# #.#..#
........# # #.#..###
........# #.##.#....#
#.......#.##....##.#.#
#<......#..........#.#
#......############.#
+.....B@@......# #.#
##......#######.# #.#
........'.....#.# #.#
........#####.#.# #.#
........#####.#.# #.#
...........##.#.# #.#
..............#.####.#
.##.........###.#....#
+.........'.....####


You could see Terence and a giant cockroach.

Vanquished Creatures
  4 endoplasms (D:1)
  4 giant cockroaches (D:1)
  4 goblins (D:1)
  2 hobgoblins (D:1)
  3 jackals (D:1)
  2 quokkas (D:1)
  3 ball pythons (D:1)
  A bat (D:1)
  2 frilled lizards (D:1)
  3 rats (D:1)
28 creatures vanquished.

Notes
Turn   | Place    | Note
-------+----------+-------------------------------------------
     0 | D:1      | raph the Draconian Transmuter began the quest for the Orb.
     0 | D:1      | Reached XP level 1. HP: 16/16 MP: 3/3
    82 | D:1      | Reached XP level 2. HP: 8/23 MP: 3/5
   506 | D:1      | Learned a level 2 spell: Wereblood
   509 | D:1      | Found a faded altar of an unknown god.
   783 | D:1      | Reached XP level 3. HP: 26/28 MP: 4/6
   787 | D:1      | Learned a level 3 spell: Spider Form
  1280 | D:2      | Noticed Terence
  1302 | D:2      | Slain by Terence

Illustrated notes

Levels and vault maps discovered:
D:1:      minmay_arrival_open_corners, layout_loops_ring,
          dreamdust_ecumenical_altar_statues, minmay_misc_feat_chi
D:2:      layout_basic, uniq_terence

Skill      XL: |  1  2 |
---------------+-------+-----
Dodging        | 2 |  2.0
Fighting       | |  1.5
Unarmed Combat | |  3.4
Spellcasting   | |  2.1
Transmutations | |  2.5

Action                   || total
-------------------------++-------
Melee: Unarmed           ||    88
       Tailslap          ||     6
       Headbutt          ||    11
       Kick              ||    17
       Punch             ||     2
 Cast: Beastly Appendage ||    15
Armor: Skin              ||    26
Dodge: Dodged            ||    45
